Map: Sludge City

Players

Batyushka - Winner!

  • Race: Protoss Protoss
  • Spawn Location: 5:00

milbuT - Winner!

  • Race: Terran Terran
  • Spawn Location: 5:00

Unhaste

  • Race: Terran Terran
  • Spawn Location: 11:00

Gracz

  • Race: Zerg Zerg
  • Spawn Location: 9:00

VOD

Have the link to the VOD?

Description

Time

  • Played on: March 9, 2016, 1:11 p.m.
  • Length: 12:48
Show
View Real Time Build Order
Export as new Build Order

Batyushka Protoss - Winner!

Build Orders:  

Get SALT Encoding   

  12  0:03  Probe (Chrono Boost)  
  14  0:14  Probe (Chrono Boost)  
  14  0:24  Probe (Chrono Boost)  
  14  0:26  Pylon  
  15  0:44  Assimilator  
  15  0:46  Probe (Chrono Boost), Gateway  
  16  0:56  Probe (Chrono Boost)  
  17  0:57  Assimilator  
  17  1:07  Probe (Chrono Boost)  
  18  1:14  Pylon  
  18  1:18  Probe (Chrono Boost)  
  19  1:28  Probe (Chrono Boost)  
  20  1:39  Probe (Chrono Boost)  
  21  1:42  Cybernetics Core  
  21  1:50  Gateway  
  21  1:51  Zealot  
  23  2:12  Probe (Chrono Boost)  
  24  2:19  Warp Gate (Chrono Boost)  
  26  2:22  Mothership Core (Chrono Boost)  
  26  2:25  Stalker  
  28  2:39  Gateway  
  28  2:40  Stalker  
  28  2:43  Probe  
  31  2:56  Robotics Facility  
  31  3:16  Pylon  
  31  3:33  Forge, Stalker  
  33  3:52  Nexus  
  33  3:54  Pylon  
  33  3:59  Pylon  
  33  4:06  Warp Prism  
  35  4:13  Probe  
  36  4:25  Probe  
  36  4:31  Stalker  
  39  4:36  Stalker  
  39  4:37  Probe  
  42  4:50  Probe  
  43  4:58  Stalker x2  
  47  5:02  Probe  
  47  5:03  Probe  
  49  5:14  Observer, Probe  
  51  5:26  Probe  
  52  6:02  Stalker x2  
  52  6:03  Stalker  
  58  6:33  Twilight Council  
  58  6:35  Assimilator  
  58  6:36  Stalker x3  
  64  6:40  Assimilator  
  64  6:44  Probe  
  64  6:46  Probe  
  66  6:55  Nexus  
  66  6:57  Pylon  
  66  6:58  Probe  
  66  6:59  Pylon  
  65  7:10  Forge  
  65  7:22  Stalker x2  
  69  7:23  Stalker  
  71  7:37  Probe  
  71  7:39  Probe  
  71  7:43  Blink  
  73  7:44  Protoss Ground Weapons Level 1  
  73  7:48  Probe  
  73  7:51  Probe  
  75  7:59  Stalker  
  75  8:00  Stalker x2, Photon Cannon  
  75  8:04  Photon Cannon  
  81  8:06  Photon Cannon  
  81  8:24  Photon Cannon  
  81  8:28  Stalker  
  81  8:29  Stalker x2  
  87  8:41  Photon Cannon  
  87  8:44  Gateway  
  87  8:48  Gateway  
  85  8:55  Immortal  
  85  8:59  Stalker x2  
  85  9:01  Probe  
  90  9:09  Pylon  
  90  9:12  Pylon  
  90  9:16  Probe x2  
  90  9:18  Probe  
  93  9:27  Assimilator  
  93  9:32  Assimilator  
  93  9:34  Immortal  
  97  9:38  Protoss Ground Armor Level 1  
  97  9:47  Charge  
  97  9:50  Stalker x3  
  103  9:55  Gateway  
  103  10:02  Gateway  
  103  10:05  Stalker x2  
  107  10:29  Nexus  
  107  10:32  Probe  
  107  10:33  Assimilator  
  107  10:34  Probe x2  
  109  10:37  Assimilator  
  109  10:39  Pylon  
  109  10:42  Pylon  
  110  10:43  Probe  
  110  10:44  Probe  
  110  10:45  Pylon  
  110  10:46  Probe  
  113  11:11  Stalker x2  
  113  11:12  Stalker  
  113  11:13  Pylon, Stalker  
  113  11:15  Pylon  
  113  11:16  Stalker  
  113  11:18  Pylon  
  123  11:20  Pylon  
  121  11:35  Stalker  
  121  11:36  Stalker x3  
  129  11:41  Stalker  
  129  11:45  Pylon, Probe x2  
  129  11:46  Probe  
  129  11:47  Probe  
  135  11:56  Probe x2  
  137  12:11  Probe  
  137  12:12  Probe x3  
  141  12:16  Stalker x2  
  141  12:18  Stalker  
Show
View Real Time Build Order
Export as new Build Order

milbuT Terran - Winner!

Build Orders: Mech 

Get SALT Encoding   

  12  0:01  SCV  
  13  0:13  SCV  
  14  0:19  Supply Depot  
  14  0:25  SCV  
  15  0:28  Refinery  
  15  0:41  SCV  
  16  0:50  Barracks  
  16  0:54  SCV  
  17  1:06  SCV  
  18  1:18  SCV  
  19  1:38  Supply Depot  
  19  1:46  Marine  
  20  1:49  Orbital Command  
  20  1:52  Factory  
  20  2:05  Marine  
  21  2:17  SCV  
  22  2:23  Marine  
  22  2:27  Refinery  
  22  2:28  Supply Depot  
  23  2:30  SCV  
  26  2:37  Hellion  
  26  2:41  Marine, Starport  
  26  2:42  SCV  
  28  2:49  Supply Depot  
  28  2:54  SCV  
  29  3:06  SCV  
  29  3:07  Hellion, Marine  
  32  3:22  SCV  
  33  3:30  Factory Tech Lab  
  33  3:38  Command Center  
  33  3:40  Refinery, SCV  
  34  3:50  Siege Tank  
  34  3:52  SCV  
  38  4:08  SCV  
  39  4:27  Medivac  
  41  4:38  SCV  
  41  4:39  Bunker  
  41  4:45  Supply Depot, Engineering Bay, Siege Tank  
  45  4:50  SCV  
  46  5:04  SCV  
  47  5:07  Refinery  
  47  5:08  Refinery  
  47  5:15  Starport Reactor  
  47  5:16  SCV  
  47  5:17  Missile Turret  
  47  5:19  Orbital Command  
  48  5:28  SCV  
  49  5:29  Missile Turret, Siege Tank  
  52  5:36  Liberator  
  52  5:39  Missile Turret  
  52  5:40  SCV  
  48  5:52  SCV  
  48  5:54  SCV  
  53  6:00  Viking  
  55  6:04  SCV  
  55  6:08  Siege Tank  
  55  6:09  SCV  
  60  6:13  Supply Depot  
  57  6:34  Viking  
  57  6:35  SCV x2  
  57  6:36  Command Center  
  60  6:47  SCV  
  60  6:48  Supply Depot  
  60  6:52  Factory, Supply Depot  
  60  6:53  SCV  
  62  6:55  Factory  
  62  6:59  SCV  
  63  7:05  SCV  
  64  7:10  Liberator x2  
  64  7:11  SCV  
  65  7:17  SCV  
  65  7:20  Marine  
  67  7:23  SCV  
  74  7:30  SCV  
  74  7:36  SCV  
  76  7:42  SCV  
  76  7:43  Factory Tech Lab  
  76  7:44  Factory Reactor  
  77  7:49  SCV  
  77  7:50  Orbital Command  
  78  7:58  Armory  
  78  7:59  Armory  
  78  8:02  Liberator  
  78  8:03  Siege Tank x2  
  78  8:05  SCV  
  85  8:11  SCV  
  86  8:17  SCV  
  86  8:18  Supply Depot  
  87  8:23  SCV  
  87  8:26  Hellion x2, Infernal Pre-Igniter  
  95  8:35  Hellion  
  95  8:36  Supply Depot  
  95  8:38  Supply Depot  
  97  8:43  Siege Tank, Orbital Command  
  97  8:46  SCV x2  
  102  8:48  Factory  
  102  8:51  Factory  
  102  8:59  Liberator  
  102  9:01  Hellion x2  
  102  9:02  Hellion  
  108  9:05  SCV x2  
  110  9:13  SCV  
  110  9:16  Hellion  
  113  9:17  SCV x2  
  113  9:22  Liberator, Hellion  
  113  9:23  Siege Tank  
  120  9:25  SCV  
  120  9:28  Refinery  
  120  9:29  Refinery  
  121  9:32  Command Center  
  121  9:44  Liberator  
  124  9:49  Factory Tech Lab x2  
  124  9:50  Armory, SCV  
  124  9:52  Armory  
  125  10:03  Hellion x2  
  132  10:12  SCV  
  133  10:17  Supply Depot  
  133  10:19  Hellion, Siege Tank x2  
  133  10:20  Supply Depot x2  
  141  10:21  Supply Depot  
  141  10:29  Missile Turret  
  141  10:30  Liberator x2, Missile Turret  
  141  10:38  SCV x2  
  141  10:39  Hellion x2, Missile Turret x2  
  141  10:41  Missile Turret  
  147  10:43  Supply Depot x2  
  147  10:45  Supply Depot  
  147  10:46  Hellion x2  
  147  10:48  SCV  
  147  10:49  Supply Depot  
  158  10:50  SCV  
  158  10:51  Siege Tank x2  
  158  10:53  Supply Depot  
  165  11:12  Refinery  
  165  11:14  Refinery  
  165  11:15  Liberator x2  
  171  11:39  SCV  
  173  11:40  SCV x2  
  174  11:47  Planetary Fortress  
  174  11:52  Missile Turret  
  174  11:55  Missile Turret x2  
  174  11:57  Missile Turret  
  174  12:03  Starport  
  174  12:04  Starport  
  186  12:10  Fusion Core  
  186  12:12  Missile Turret  
  186  12:22  Missile Turret  
  186  12:24  Missile Turret  
  186  12:25  Missile Turret  
  186  12:27  Missile Turret  
Show
View Real Time Build Order
Export as new Build Order

Unhaste Terran 

Build Orders:  

Get SALT Encoding   

  12  0:01  SCV  
  13  0:13  SCV  
  14  0:23  Supply Depot  
  14  0:25  SCV  
  15  0:46  Barracks  
  15  0:53  Barracks  
  15  0:59  SCV  
  16  1:06  Refinery  
  16  1:11  SCV  
  17  1:12  Refinery  
  17  1:23  SCV  
  18  1:35  SCV  
  19  1:41  Engineering Bay  
  19  1:46  Supply Depot  
  19  1:49  SCV  
  19  1:53  Barracks Reactor  
  20  1:58  Barracks Reactor  
  20  2:05  SCV  
  21  2:21  Factory  
  21  2:28  Orbital Command  
  21  2:35  Terran Infantry Weapons Level 1  
  21  2:42  Marine x2  
  23  2:52  Marine x2  
  25  3:25  Command Center  
  25  3:42  Factory Tech Lab  
  25  3:52  Marine x2  
  25  3:53  Marine x2  
  29  3:57  Supply Depot  
  25  4:29  Terran Infantry Armor Level 1  
  25  4:32  Siege Tank  
  25  4:36  Starport  
  28  4:39  Marine  
  28  4:40  Marine  
  28  4:43  SCV  
  31  4:55  Refinery, SCV  
  32  5:04  Marine x2, Siege Tank  
  32  5:05  Marine  
  32  5:06  Marine  
  39  5:16  Starport Reactor  
  39  5:28  Barracks  
  39  5:32  Barracks  
  39  5:42  SCV  
  37  5:54  SCV  
  37  5:57  SCV  
  38  6:06  SCV  
  38  6:09  SCV  
  36  6:18  SCV  
  36  6:21  SCV  
  37  6:31  Marine x3  
  37  6:32  Marine  
  41  6:33  SCV  
  41  6:36  Missile Turret  
  41  6:39  Missile Turret  
  42  6:45  Barracks Tech Lab x2  
  42  6:49  Medivac x2  
  42  6:50  Siege Tank  
  42  6:52  Marine x2  
  42  6:53  Marine  
  52  6:55  Marine  
  52  7:15  SCV  
  52  7:22  Marine  
  54  7:29  Marine, SCV  
  56  7:33  Marauder  
  56  7:34  Marauder  
  60  7:41  SCV  
  56  7:53  SCV  
  44  8:05  SCV  
  32  12:24  SCV  
  32  12:25  SCV  
Show
View Real Time Build Order
Export as new Build Order

Gracz Zerg 

Build Orders: Pool First, Lurkers 

Get SALT Encoding   

  12  0:05  Drone  
  13  0:18  Drone  
  13  0:19  Overlord  
  14  0:25  Overlord  
  14  0:40  Drone x2  
  16  0:50  Extractor  
  16  0:56  Spawning Pool  
  14  0:59  Drone  
  15  1:17  Drone x2  
  17  1:20  Extractor  
  17  1:22  Drone  
  17  1:39  Drone  
  18  1:55  Metabolic Boost  
  18  2:04  Queen  
  18  2:07  Zergling x2  
  18  2:08  Zergling x4  
  23  2:45  Drone x3  
  26  2:52  Queen  
  28  3:01  Roach Warren  
  27  3:11  Zergling x4  
  29  3:31  Zergling x2  
  29  3:32  Overlord  
  30  4:24  Roach x3  
  34  5:08  Lair  
  34  5:11  Roach x2  
  34  5:12  Overlord  
  34  5:13  Overlord x2  
  34  6:15  Ravager  
  34  6:16  Ravager x3  
  38  6:28  Zergling x2, Hatchery  
  38  6:29  Zergling x16  
  46  6:38  Spire  
  45  6:42  Hydralisk Den, Drone x3  
  47  7:28  Glial Reconstitution  
  47  7:32  Hydralisk x3  
  47  7:33  Hydralisk x4  
  61  7:37  Overlord  
  61  8:03  Lurker Den  
  59  8:34  Mutalisk x5  
  59  8:35  Mutalisk x3  
  75  8:47  Tunneling Claws  
  66  9:38  Drone x3  
  63  9:44  Mutalisk x5  
  74  9:46  Overlord x3  
  74  9:56  Drone  
  75  10:16  Queen  
  75  10:18  Queen  
  75  10:19  Drone  
  75  10:20  Mutalisk  
  75  10:21  Mutalisk x3  
  82  10:25  Extractor  
  87  10:29  Drone x4  
  87  10:30  Drone x2  
  93  10:42  Infestation Pit  
  92  10:43  Muscular Augments  
  92  10:52  Queen  
  94  10:58  Lurker  
  94  10:59  Lurker x3  
  94  11:02  Burrow  
  98  11:06  Overlord x2  
  98  11:08  Overlord x2  
  96  11:58  Overlord x2  
  96  11:59  Mutalisk  
  96  12:00  Mutalisk x4  
  106  12:06  Drone  
  106  12:07  Drone x2  
Tags
 
Add a new tag
Caveats
  • Supply blocks, unpowered buildings, or Contaminate may cause inaccurate times.
  • Supply counts are checked every 10 seconds.